| TOP OF THE 1ST |
|
Baltimore Orioles batting - Pitching for Seattle Mariners : LHP Larry Tuckfard
|
|
Pitching: LHP Larry Tuckfard
|
|
|
Batting: RHB Alex Rodriguez Jr.
|
0-0: Called Strike 0-1: Ball 1-1: Foul Ball, location: 2F 1-2: Strikes out swinging
|
|
Batting: RHB Jeremy Giesler
|
0-0: Ball 1-0: Fly out, F8 (Flyball, 8LS, EV 91.3 MPH)
|
|
Batting: RHB Kevin Howard
|
0-0: Ball 1-0: Ball 2-0: Foul Ball, location: 2F 2-1: Called Strike 2-2: Ball 3-2: Strikes out swinging
|
| Top of the 1st over - 0 runs, 0 hits, 0 errors, 0 left on base; Baltimore 0 - Seattle 0 |
| BOTTOM OF THE 1ST |
|
Seattle Mariners batting - Pitching for Baltimore Orioles : RHP Bobby O'Connell
|
|
Pitching: RHP Bobby O'Connell
|
|
|
Batting: LHB Dae-ik Yoon
|
0-0: Ball 1-0: Ball 2-0: Ball 3-0: Called Strike 3-1: Called Strike 3-2: SINGLE (Line Drive, 8RS, EV 106.9 MPH)
|
|
Batting: SHB Floyd-William Goof
|
0-0: Called Strike 0-1: Ball 1-1: Ball 2-1: Called Strike 2-2: Fly out, F8 (Flyball, 89M, EV 86.3 MPH)
|
|
Batting: SHB Tze-meng Gan
|
0-0: Foul Ball, location: 2F 0-1: Ball 1-1: Ball 2-1: Swinging Strike 2-2: Foul Ball, location: 2F 2-2: Ball 3-2: Foul Ball, location: 2F 3-2: Base on Balls Dae-ik Yoon to second
|
|
Batting: LHB Cliff Thomas
|
0-0: Foul Ball, location: 2F 0-1: Ball 1-1: Called Strike 1-2: Strikes out swinging
|
|
Batting: RHB Jose Vasquez
|
0-0: Called Strike 0-1: Ball 1-1: Called Strike 1-2: Strikes out swinging
|
| Bottom of the 1st over - 0 runs, 1 hit, 0 errors, 2 left on base; Baltimore 0 - Seattle 0 |
| TOP OF THE 2ND |
|
Baltimore Orioles batting - Pitching for Seattle Mariners : LHP Larry Tuckfard
|
|
Batting: LHB Brad Pepin
|
0-0: Called Strike 0-1: Ball 1-1: Foul Ball, location: 2F 1-2: Ball 2-2: Ball 3-2: Strikes out swinging
|
|
Batting: RHB Dermott Neill
|
0-0: Ground out 6-3 (Groundball, 6, EV 105.0 MPH)
|
|
Batting: LHB Stu Sornson
|
0-0: Ball 1-0: Ball 2-0: Fly out, F8 (Flyball, 8LM, EV 74.4 MPH)
|
| Top of the 2nd over - 0 runs, 0 hits, 0 errors, 0 left on base; Baltimore 0 - Seattle 0 |
| BOTTOM OF THE 2ND |
|
Seattle Mariners batting - Pitching for Baltimore Orioles : RHP Bobby O'Connell
|
|
Batting: LHB Bi-jun Chien
|
0-0: Fly out, F5 (Popup, 5SF, EV 76.9 MPH)
|
|
Batting: RHB Ivan Colon
|
0-0: Called Strike 0-1: Ball 1-1: Called Strike 1-2: Foul Ball, location: 2F 1-2: Ball 2-2: Ball 3-2: Foul Ball, location: 2F 3-2: Foul Ball, location: 2F 3-2: Ground out 6-3 (Groundball, 6, EV 87.5 MPH)
|
|
Batting: RHB Corey Ottinger
|
0-0: Ball 1-0: Ball 2-0: Ball 3-0: Called Strike 3-1: Foul Ball, location: 2F 3-2: SINGLE (Groundball, 56D, EV 99.4 MPH)
|
|
Batting: RHB Young-kwang Ohnn
|
0-0: Foul Ball, location: 2F 0-1: Ball 1-1: Ball 2-1: Fly out, F7 (Flyball, 7LM, EV 91.3 MPH)
|
| Bottom of the 2nd over - 0 runs, 1 hit, 0 errors, 1 left on base; Baltimore 0 - Seattle 0 |
| TOP OF THE 3RD |
|
Baltimore Orioles batting - Pitching for Seattle Mariners : LHP Larry Tuckfard
|
|
Batting: RHB Randy Johnson Jr.
|
0-0: Fly out, F8 (Flyball, 8RS, EV 71.3 MPH)
|
|
Batting: LHB Paul Diaz
|
0-0: Foul Ball, location: 2F 0-1: Called Strike 0-2: Ball 1-2: Ball 2-2: Strikes out swinging
|
|
Batting: RHB Carlos Talavera
|
0-0: Ball 1-0: Called Strike 1-1: Called Strike 1-2: Ball 2-2: Strikes out swinging
|
| Top of the 3rd over - 0 runs, 0 hits, 0 errors, 0 left on base; Baltimore 0 - Seattle 0 |
| BOTTOM OF THE 3RD |
|
Seattle Mariners batting - Pitching for Baltimore Orioles : RHP Bobby O'Connell
|
|
Batting: LHB Dae-ik Yoon
|
0-0: Ground out 6-3 (Groundball, 56, EV 104.4 MPH)
|
|
Batting: SHB Floyd-William Goof
|
0-0: Called Strike 0-1: Ball 1-1: Swinging Strike 1-2: Ball 2-2: Foul Ball, location: 2F 2-2: Foul Ball, location: 2F 2-2: Fly out, F8 (Flyball, 8RM, EV 78.1 MPH)
|
|
Batting: SHB Tze-meng Gan
|
0-0: Called Strike 0-1: Foul Ball, location: 2F 0-2: SINGLE (Line Drive, 9S, EV 100.6 MPH)
|
|
Batting: LHB Cliff Thomas
|
0-0: Fly out, F8 (Flyball, 8LXD, EV 107.5 MPH)
|
| Bottom of the 3rd over - 0 runs, 1 hit, 0 errors, 1 left on base; Baltimore 0 - Seattle 0 |
| TOP OF THE 4TH |
|
Baltimore Orioles batting - Pitching for Seattle Mariners : LHP Larry Tuckfard
|
|
Batting: RHB Alex Rodriguez Jr.
|
0-0: Foul Ball, location: 2F 0-1: Ball 1-1: Ball 2-1: SINGLE (Line Drive, 6, EV 97.5 MPH)
|
|
Batting: RHB Jeremy Giesler
|
0-0: Ball 1-0: Called Strike 1-1: Ball 2-1: Foul Ball, location: 2F 2-2: Ball 3-2: Foul Ball, location: 2F 3-2: Foul Ball, location: 2F 3-2: Base on Balls Alex Rodriguez Jr. to second
|
|
Batting: RHB Kevin Howard
|
0-0: Called Strike 0-1: SINGLE (Groundball, 34D, EV 105.6 MPH) Alex Rodriguez Jr. to third Jeremy Giesler to second Runner from 3rd tries for Home, SAFE, throw by RF to home
|
|
Batting: LHB Brad Pepin
|
0-0: Called Strike 0-1: Foul Ball, location: 2F 0-2: Strikes out swinging
|
|
Batting: RHB Dermott Neill
|
0-0: Swinging Strike 0-1: Ball 1-1: Foul Ball, location: 2F 1-2: Ball 2-2: Strikes out swinging
|
|
Batting: LHB Stu Sornson
|
0-0: Swinging Strike 0-1: Ball 1-1: Swinging Strike 1-2: Ball 2-2: Ground out 4-3 (Groundball, 4, EV 83.1 MPH)
|
| Top of the 4th over - 1 run, 2 hits, 0 errors, 2 left on base; Baltimore 1 - Seattle 0 |
| BOTTOM OF THE 4TH |
|
Seattle Mariners batting - Pitching for Baltimore Orioles : RHP Bobby O'Connell
|
|
Batting: RHB Jose Vasquez
|
0-0: Ball 1-0: Foul Ball, location: 2F 1-1: Fly out, F3 (Flyball, 34D, EV 75.6 MPH)
|
|
Batting: LHB Bi-jun Chien
|
0-0: Ball 1-0: Ball 2-0: Ball 3-0: Called Strike 3-1: Base on Balls
|
|
Batting: RHB Ivan Colon
|
0-0: Called Strike 0-1: Ball 1-1: Ball Bi-jun Chien steals 2nd base 2-1: Foul Ball, location: 2F 2-2: Ball 3-2: Foul Ball, location: 2F 3-2: SINGLE (Groundball, 6MD, EV 97.5 MPH) Bi-jun Chien to third
|
|
Pitching: RHP Errol Dondale
|
|
|
Batting: RHB Corey Ottinger
|
0-0: Called Strike 0-1: Swinging Strike 0-2: Foul Ball, location: 2F 0-2: Strikes out swinging
|
|
Batting: RHB Young-kwang Ohnn
|
0-0: Foul Ball, location: 2F 0-1: Ground out 4-3 (Groundball, 34, EV 82.5 MPH)
|
| Bottom of the 4th over - 0 runs, 1 hit, 0 errors, 2 left on base; Baltimore 1 - Seattle 0 |
| TOP OF THE 5TH |
|
Baltimore Orioles batting - Pitching for Seattle Mariners : LHP Larry Tuckfard
|
|
Pitching: RHP Kurt Loscalzo
|
|
|
Batting: RHB Randy Johnson Jr.
|
0-0: Called Strike 0-1: Ball 1-1: Ground out 4-3 (Groundball, P, EV 85.6 MPH)
|
|
Batting: LHB Paul Diaz
|
0-0: Ground out U3 (Groundball, 3, EV 89.4 MPH)
|
|
Batting: RHB Carlos Talavera
|
0-0: Called Strike 0-1: Called Strike 0-2: Ball 1-2: Ball 2-2: Ball 3-2: Ground out 4-3 (Groundball, 34, EV 111.3 MPH)
|
| Top of the 5th over - 0 runs, 0 hits, 0 errors, 0 left on base; Baltimore 1 - Seattle 0 |
| BOTTOM OF THE 5TH |
|
Seattle Mariners batting - Pitching for Baltimore Orioles : RHP Errol Dondale
|
|
Batting: LHB Dae-ik Yoon
|
0-0: Ball 1-0: Called Strike 1-1: Foul Ball, location: 2F 1-2: Ball 2-2: Foul Ball, location: 2F 2-2: Ball 3-2: Ground out 5-3 (Groundball, 56, EV 106.9 MPH)
|
|
Batting: SHB Floyd-William Goof
|
0-0: Ball 1-0: Ground out 4-3 (Groundball, 4, EV 97.5 MPH)
|
|
Batting: SHB Tze-meng Gan
|
0-0: Foul Ball, location: 2F 0-1: Ball 1-1: Ball 2-1: Foul Ball, location: 2F 2-2: Foul Ball, location: 2F 2-2: Foul Ball, location: 2F 2-2: Foul Ball, location: 2F 2-2: SINGLE (Groundball, 6D, EV 109.4 MPH)
|
|
Batting: LHB Cliff Thomas
|
0-0: Called Strike 0-1: Ball 1-1: Called Strike 1-2: Strikes out swinging
|
| Bottom of the 5th over - 0 runs, 1 hit, 0 errors, 1 left on base; Baltimore 1 - Seattle 0 |
| TOP OF THE 6TH |
|
Baltimore Orioles batting - Pitching for Seattle Mariners : RHP Kurt Loscalzo
|
|
Batting: RHB Alex Rodriguez Jr.
|
0-0: Ball 1-0: Ball 2-0: Called Strike 2-1: Ball 3-1: Ground out 6-3 (Groundball, 6, EV 105.0 MPH)
|
|
Batting: RHB Jeremy Giesler
|
0-0: Ball 1-0: Called Strike 1-1: Ball 2-1: DOUBLE (Line Drive, 89M, EV 98.1 MPH)
|
|
Batting: RHB Kevin Howard
|
0-0: Ball 1-0: Ball 2-0: Called Strike 2-1: Foul Ball, location: 2F 2-2: SINGLE (Groundball, 34D, EV 97.5 MPH) Jeremy Giesler to third Runner from 3rd tries for Home, SAFE, throw by RF to home
|
|
Batting: LHB Brad Pepin
|
0-0: Foul Ball, location: 2F 0-1: DOUBLE (Line Drive, 78D, EV 106.3 MPH) Kevin Howard to third
|
|
Batting: RHB Dermott Neill
|
0-0: Swinging Strike 0-1: Ball 1-1: Called Strike 1-2: Strikes out swinging
|
|
Batting: LHB Stu Sornson
|
0-0: Called Strike 0-1: SINGLE (Line Drive, 9LM, EV 109.4 MPH) Kevin Howard scores Brad Pepin to third Runner from 3rd tries for Home, SAFE, throw by RF to home
|
|
Pitching: RHP Jesse Crockett
|
|
|
Batting: RHB Randy Johnson Jr.
|
0-0: Called Strike 0-1: Ball Stu Sornson steals 2nd base 1-1: Hit by Pitch
|
|
Batting: LHB Paul Diaz
|
0-0: Ground out U3 (Groundball, 3, EV 102.5 MPH)
|
| Top of the 6th over - 3 runs, 4 hits, 0 errors, 2 left on base; Baltimore 4 - Seattle 0 |
| BOTTOM OF THE 6TH |
|
Seattle Mariners batting - Pitching for Baltimore Orioles : RHP Errol Dondale
|
|
Batting: RHB Jose Vasquez
|
0-0: Called Strike 0-1: Called Strike 0-2: TRIPLE (Flyball, 78XD, EV 92.5 MPH)
|
|
Batting: LHB Bi-jun Chien
|
0-0: Called Strike 0-1: Ball 1-1: Fly out, F8 (Flyball, 8LS, EV 93.8 MPH)
|
|
Batting: RHB Ivan Colon
|
0-0: Ball 1-0: Foul Ball, location: 2F 1-1: Ball 2-1: Foul Ball, location: 2F 2-2: Ground out 5-3 (Groundball, 56S, EV 80.0 MPH) Jose Vasquez scores
|
|
Batting: RHB Corey Ottinger
|
0-0: Ball 1-0: Ball 2-0: Ball 3-0: Called Strike 3-1: Fly out, F8 (Flyball, 8LM, EV 90.6 MPH)
|
| Bottom of the 6th over - 1 run, 1 hit, 0 errors, 0 left on base; Baltimore 4 - Seattle 1 |
| TOP OF THE 7TH |
|
Baltimore Orioles batting - Pitching for Seattle Mariners : RHP Jesse Crockett
|
|
Batting: RHB Carlos Talavera
|
0-0: Called Strike 0-1: Swinging Strike 0-2: Ball 1-2: Fly out, F4 (Flyball, 34D, EV 82.5 MPH)
|
|
Pinch Hitting: RHB Saimei Kudo
|
0-0: Ball 1-0: Ball 2-0: Ball 3-0: Called Strike 3-1: Foul Ball, location: 2F 3-2: Strikes out looking
|
|
Pinch Hitting: LHB Gabe Pace
|
0-0: Called Strike 0-1: Foul Ball, location: 2F 0-2: Ball 1-2: Strikes out looking
|
| Top of the 7th over - 0 runs, 0 hits, 0 errors, 0 left on base; Baltimore 4 - Seattle 1 |
| BOTTOM OF THE 7TH |
|
Seattle Mariners batting - Pitching for Baltimore Orioles : RHP Errol Dondale
|
|
Pitching: RHP Jose Rico
|
|
|
Now at SS: Andres Leon
|
|
|
Now in RF: Gabe Pace
|
|
|
Batting: RHB Young-kwang Ohnn
|
0-0: Called Strike 0-1: Ball 1-1: Fly out, F7 (Flyball, 7D, EV 101.9 MPH)
|
|
Pinch Hitting: RHB Jonathan Rangel
|
0-0: Called Strike 0-1: Ball 1-1: Ball 2-1: Swinging Strike 2-2: Ball 3-2: Base on Balls
|
|
Pinch Hitting: RHB Leon Alders
|
0-0: Ball 1-0: Ball 2-0: SINGLE (Groundball, 56, EV 96.3 MPH) Jonathan Rangel to second
|
|
Batting: SHB Tze-meng Gan
|
0-0: Foul Ball, location: 2F 0-1: Ball 1-1: Ball Jonathan Rangel steals 3rd base (no throw) Leon Alders to second 2-1: Ball 3-1: Base on Balls
|
|
Batting: RHB Steve Bartman Jr.
|
0-0: Swinging Strike 0-1: Ball 1-1: Foul Ball, location: 2F 1-2: Ball 2-2: Ball 3-2: Base on Balls Jonathan Rangel scores Leon Alders to third Tze-meng Gan to second
|
|
Pinch Hitting: LHB Jerrod Cluck
|
0-0: Ball 1-0: Foul Ball, location: 2F 1-1: Ball 2-1: Foul Ball, location: 2F 2-2: Strikes out swinging
|
|
Batting: LHB Bi-jun Chien
|
0-0: Ground out 4-3 (Groundball, 4D, EV 98.8 MPH)
|
| Bottom of the 7th over - 1 run, 1 hit, 0 errors, 3 left on base; Baltimore 4 - Seattle 2 |
| TOP OF THE 8TH |
|
Baltimore Orioles batting - Pitching for Seattle Mariners : RHP Jesse Crockett
|
|
Now at 1B: Leon Alders
|
|
|
Now in CF: Jonathan Rangel
|
|
|
Now in RF: Jerrod Cluck
|
|
|
Pinch Hitting: RHB Danny Merrill
|
0-0: Ball 1-0: Called Strike 1-1: Ball 2-1: Foul Ball, location: 2F 2-2: Strikes out swinging
|
|
Pinch Hitting: RHB Marc Peckermark
|
0-0: Called Strike 0-1: Ball 1-1: Foul Ball, location: 2F 1-2: Ball 2-2: Hit by Pitch
|
|
Batting: SHB Jason Hayes
|
0-0: Swinging Strike 0-1: Called Strike Marc Peckermark steals 2nd base 0-2: Ball 1-2: Ball 2-2: Foul Ball, location: 2F 2-2: Foul Ball, location: 2F 2-2: Ground out 4-3 (Groundball, 34D, EV 108.8 MPH) Marc Peckermark to third
|
|
Pinch Hitting: RHB Casey Nelligan
|
0-0: SINGLE (Line Drive, 78S, EV 98.8 MPH) Marc Peckermark scores
|
|
Pinch Hitting: RHB Vince Jackson
|
0-0: Ball 1-0: Fielders Choice at 2nd, 6-4 (Groundball, 6, EV 90.6 MPH)
|
| Top of the 8th over - 1 run, 1 hit, 0 errors, 1 left on base; Baltimore 5 - Seattle 2 |
| TOP OF THE 9TH |
|
Baltimore Orioles batting - Pitching for Seattle Mariners : RHP Jesse Crockett
|
|
Pitching: LHP David Anaya
|
|
|
Batting: LHB Bob Melley
|
0-0: Called Strike 0-1: Called Strike 0-2: Fly out, F7 (Flyball, 7LS, EV 78.8 MPH)
|
|
Batting: RHB Carlos Talavera
|
0-0: SINGLE (Line Drive, 89S, EV 95.6 MPH)
|
|
Batting: RHB Andres Leon
|
0-0: Grounds into double play, 5-4-3 (Groundball, 56, EV 85.0 MPH)
|
| Top of the 9th over - 0 runs, 1 hit, 0 errors, 0 left on base; Baltimore 5 - Seattle 2 |
| BOTTOM OF THE 9TH |
|
Seattle Mariners batting - Pitching for Baltimore Orioles : RHP Ray Richards
|
|
Batting: RHB Jonathan Rangel
|
0-0: Ball 1-0: Swinging Strike 1-1: Foul Ball, location: 2F 1-2: Strikes out swinging
|
|
Batting: RHB Leon Alders
|
0-0: Ball 1-0: Swinging Strike 1-1: Ground out 6-3 (Groundball, 56, EV 82.5 MPH)
|
|
Batting: SHB Tze-meng Gan
|
0-0: Reached on error, E4 (Groundball, 4, EV 105.0 MPH)
|
|
Batting: RHB Steve Bartman Jr.
|
0-0: Ball 1-0: Called Strike 1-1: Ball 2-1: Foul Ball, location: 2F 2-2: Ball 3-2: Foul Ball, location: 2F 3-2: Fly out, F9 (Flyball, 89D, EV 96.9 MPH)
|
| Bottom of the 9th over - 0 runs, 0 hits, 1 error, 1 left on base; Baltimore 5 - Seattle 2 |
|